Workbook

Sheet Slide 22 (2)
A1: Total Outstanding Tax-Supported Debt Time Trend
A2: Issuer Name: | B2: Birdville ISD
A3: Fiscal Year Ended: | B3: 45838
A5: Graph Title: | B5: Tax-Supported Debt Obligations At Fiscal Year End and As a Percentage of Taxable Assessed Valuation
A6: Vertical Axis Title: | B6: Bond Principal Outstanding At Fiscal Year End
A7: Vertical Axis2 Title: | B7: Bond Principal Per Taxable Assessed Valuation
A8: Horizontal Axis Title: | B8: N/A
A9: Footnote: | B9: =IF(SUM(C13:C18)=0, "Note: The District has no outstanding debt payable from M&O taxes.", "N/A") -> N/A
A10: Source: | B10: Source: District’s Audited Financial Statements, Tarrant Appraisal District and District records.
B12: Fiscal Year | C12: M&O-Supported Debt | D12: I&S-Supported Debt | E12: Total Tax-Supported Debt | F12: Taxable Assessed Valuation | G12: Bond Principal Per TAV
B13: 2019/20 | C13: 117720 | D13: 4.409746e+08 | E13: =C13+D13 -> 4.4109232e+08 | F13: 11769003318 | G13: =ROUND(E13/F13, 4) -> 0.0375
B14: 2020/21 | C14: 0 | D14: 440840000 | E14: =C14+D14 -> 440840000 | F14: 12315574268 | G14: =ROUND(E14/F14, 4) -> 0.0358
B15: 2021/22 | C15: 442347 | D15: 408955000 | E15: =C15+D15 -> 409397347 | F15: 13083284147 | G15: =ROUND(E15/F15, 4) -> 0.0313
B16: 2022/23 | C16: 807125 | D16: 515125000 | E16: =C16+D16 -> 515932125 | F16: 14372778870 | G16: =ROUND(E16/F16, 4) -> 0.0359
B17: 2023/24 | C17: 1832220 | D17: 621060000 | E17: =C17+D17 -> 622892220 | F17: 14980381686 | G17: =ROUND(E17/F17, 4) -> 0.0416
B18: 2024/25 | C18: 1416633 | D18: 575575000 | E18: =C18+D18 -> 576991633 | F18: 15784326487 | G18: =ROUND(E18/F18, 4) -> 0.0366

Sheet Slide 21
A1: Summary of Unlimited Tax Debt Outstanding Issue by Issue
A5: No. | B5: Issue Description | C5: Purpose | D5: Original Principal Amount | E5: Outstanding Principal | F5: Outstanding Interest | G5: Total Outstanding Debt Service | H5: Outstanding Principal Per Capita | I5: Outstanding Debt Service Per Capita | J5: Final Maturity Date | K5: Total Proceeds Received | L5: Spent Proceeds | M5: Unspent Proceeds
A6: 1 | B6: Unlimited Tax School Building Bonds, Series 2016 | C6: Capital Improvements | D6: 41785000 | E6: 19120000 | F6: 7078550 | G6: 26198550 | H6: 136.96668 | I6: 187.67407 | J6: 51181 | K6: 50379235 | L6: 50379235 | M6: 0
A7: 2 | B7: Unlimited Tax School Building Bonds, Series 2019 | C7: Capital Improvements | D7: 157635000 | E7: 130560000 | F7: 59964388 | G7: 1.9052439e+08 | H7: 935.27035 | I7: 1364.827 | J7: 52642 | K7: 1.6808437e+08 | L7: 1.6808437e+08 | M7: 0
A8: 3 | B8: Unlimited Tax School Building Bonds, Series 2020 | C8: Capital Improvements | D8: 62810000 | E8: 37365000 | F8: 10024688 | G8: 47389688 | H8: 267.66526 | I8: 339.4774 | J8: 52642 | K8: 71260633 | L8: 71260633 | M8: 0
A9: 4 | B9: Unlimited Tax School Building Bonds, Series 2021 | C9: Capital Improvements | D9: 24345000 | E9: 21550000 | F9: 3044100 | G9: 24594100 | H9: 154.37405 | I9: 176.18055 | J9: 49720 | K9: 28909835 | L9: 23128015 | M9: 5781819.9
A10: 5 | B10: Unlimited Tax School Building Bonds, Series 2023 | C10: Capital Improvements | D10: 145390000 | E10: 134615000 | F10: 83939100 | G10: 218554100 | H10: 964.31846 | I10: 1565.6186 | J10: 54103 | K10: 1.550266e+08 | L10: 1.550266e+08 | M10: 0
A11: 6 | B11: Unlimited Tax School Building Bonds, Series 2023-A | C11: Capital Improvements | D11: 140150000 | E11: 138600000 | F11: 100568750 | G11: 239168750 | H11: 992.86513 | I11: 1713.2923 | J11: 54103 | K11: 1.5224013e+08 | L11: 45021189 | M11: 1.0721894e+08
A12: 7 | B12: Unlimited Tax Refunding Bonds, Series 2024 | C12: Refunding at a lower interest rate, etc. | D12: 95260000 | E12: 93765000 | F12: 27207250 | G12: 120972250 | H12: 671.6883 | I12: 866.58823 | J12: 50816 | K12: 1.0381129e+08 | L12: 1.0381129e+08 | M12: 0

Sheet Slide 22
A1: Total Outstanding Tax-Supported Debt Time Trend
A2: Issuer Name: | B2: Birdville ISD
A3: Fiscal Year Ended: | B3: 45838
A5: Graph Title: | B5: Tax-Supported Debt Obligations At Fiscal Year End and As a Percentage of Taxable Assessed Valuation
A6: Vertical Axis Title: | B6: Bond Principal Outstanding At Fiscal Year End
A7: Vertical Axis2 Title: | B7: Bond Principal Per Taxable Assessed Valuation
A8: Horizontal Axis Title: | B8: N/A
A9: Footnote: | B9: =IF(SUM(C13:C18)=0, "Note: The District has no outstanding debt payable from M&O taxes.", "N/A") -> N/A
A10: Source: | B10: Source: District’s Audited Financial Statements, Tarrant Appraisal District and District records.
B12: Fiscal Year | C12: M&O-Supported Debt | D12: I&S-Supported Debt | E12: Total Tax-Supported Debt | F12: Taxable Assessed Valuation | G12: Bond Principal Per TAV
B13: 2019/20 | C13: 117720 | D13: 4.409746e+08 | E13: =C13+D13 -> 4.4109232e+08 | F13: 11769003318 | G13: =ROUND(E13/F13, 4) -> 0.0375
B14: 2020/21 | C14: 0 | D14: 440840000 | E14: =C14+D14 -> 440840000 | F14: 12315574268 | G14: =ROUND(E14/F14, 4) -> 0.0358
B15: 2021/22 | C15: 442347 | D15: 408955000 | E15: =C15+D15 -> 409397347 | F15: 13083284147 | G15: =ROUND(E15/F15, 4) -> 0.0313
B16: 2022/23 | C16: 807125 | D16: 515125000 | E16: =C16+D16 -> 515932125 | F16: 14372778870 | G16: =ROUND(E16/F16, 4) -> 0.0359
B17: 2023/24 | C17: 1832220 | D17: 621060000 | E17: =C17+D17 -> 622892220 | F17: 14980381686 | G17: =ROUND(E17/F17, 4) -> 0.0416
B18: 2024/25 | C18: 1416633 | D18: 575575000 | E18: =C18+D18 -> 576991633 | F18: 15784326487 | G18: =ROUND(E18/F18, 4) -> 0.0366

Sheet Slide 23
A1: Inflation-Adjusted Tax-Supported Debt Per Capita
A2: Issuer Name: | B2: Birdville ISD
A3: Fiscal Year Ended: | B3: 45838
A5: Graph Title: | B5: Inflation-Adjusted Tax-Supported Debt Per Capita
A6: Vertical Axis Title: | B6: Bond Principal Per Capita
A7: Horizontal Axis Title: | B7: N/A
A8: Footnote: | B8: =IF(SUM(C13:C18)=0, "Note: The District has no outstanding debt payable from M&O taxes.", "N/A") -> N/A
A9: Source: | B9: ="Source: District’s Audited Financial Statements, 2010 U.S. Census (Interpolated), Bureau of Labor Statistics and District records." -> Source: District’s Audited Financial Statements, 2010 U.S. Census (Interpolated), Bureau of Labor Statistics and District records.
A10: Textbox: | B10: ="Reflects an estimate of District’s principal amount of tax-supported debt outstanding per capita, with years "&B13&" - "&B17&" adjusted by rate of inflation portrayed by the Consumer Price Index." -> Reflects an estimate of District’s principal amount of tax-supported debt outstanding per capita, with years 2019/20 - 2023/24 adjusted by rate of inflation portrayed by the Consumer Price Index.
B12: Fiscal Year | C12: Inflation-Adjusted M&O-Supported Debt Per Capita | D12: Inflation-Adjusted I&S-Supported Debt Per Capita | E12: Total Inflation-Adjusted Tax-Supported Debt Per Capita | F12: CPI Multiplier (Inflation Adjustment) | G12: Unadjusted CPI | H12: Benchmark CPI | I12: Estimated Population
B13: 2019/20 | C13: =ROUND(('Slide 22'!C13/$I13)*$F13, 2) -> 0.96 | D13: =ROUND(('Slide 22'!D13/$I13)*$F13, 2) -> 3582.59 | E13: =C13+D13 -> 3583.55 | F13: =$F$18+(1-(G13/$G$18)) -> 1.2007806 | G13: 257.797 | H13: =DATE(YEAR(H14)-1,MONTH(H14),DAY(H14)) -> 44012 | I13: 147802
B14: 2020/21 | C14: =ROUND(('Slide 22'!C14/$I14)*$F14, 2) -> 0 | D14: =ROUND(('Slide 22'!D14/$I14)*$F14, 2) -> 3580.54 | E14: =C14+D14 -> 3580.54 | F14: =$F$18+(1-(G14/$G$18)) -> 1.1576911 | G14: 271.696 | H14: =DATE(YEAR(H15)-1,MONTH(H15),DAY(H15)) -> 44377 | I14: 142536
B15: 2021/22 | C15: =ROUND(('Slide 22'!C15/$I15)*$F15, 2) -> 3.39 | D15: =ROUND(('Slide 22'!D15/$I15)*$F15, 2) -> 3134.47 | E15: =C15+D15 -> 3137.86 | F15: =$F$18+(1-(G15/$G$18)) -> 1.08138 | G15: 296.311 | H15: =DATE(YEAR(H16)-1,MONTH(H16),DAY(H16)) -> 44742 | I15: 141088
B16: 2022/23 | C16: =ROUND(('Slide 22'!C16/$I16)*$F16, 2) -> 6 | D16: =ROUND(('Slide 22'!D16/$I16)*$F16, 2) -> 3826.2 | E16: =C16+D16 -> 3832.2 | F16: =$F$18+(1-(G16/$G$18)) -> 1.0541045 | G16: 305.109 | H16: =DATE(YEAR(H17)-1,MONTH(H17),DAY(H17)) -> 45107 | I16: 141915
B17: 2023/24 | C17: =ROUND(('Slide 22'!C17/$I17)*$F17, 2) -> 13.5 | D17: =ROUND(('Slide 22'!D17/$I17)*$F17, 2) -> 4574.51 | E17: =C17+D17 -> 4588.01 | F17: =$F$18+(1-(G17/$G$18)) -> 1.0259982 | G17: 314.175 | H17: =DATE(YEAR(H18)-1,MONTH(H18),DAY(H18)) -> 45473 | I17: 139295
B18: 2024/25 | C18: =ROUND(('Slide 22'!C18/$I18)*$F18, 2) -> 10.15 | D18: =ROUND(('Slide 22'!D18/$I18)*$F18, 2) -> 4123.15 | E18: =C18+D18 -> 4133.3 | F18: =G18/$G$18 -> 1 | G18: 322.561 | H18: =B3 -> 45838 | I18: 139596
A21: Note: The inflation adjustment above uses the Consumer Price Index (CPI) published by the Bureau of Labor Statistics (BLS).
A22: CPI Databases: | B22: https://www.bls.gov/cpi/data.htm
A23: Series Id: | B23: CUUR0000SA0
A24: Not Seasonally Adjusted
A25: Series Title: | B25: All items in U.S. city average, all urban consumers, not seasonally adjusted
A26: Area: | B26: U.S. city average
A27: Item: | B27: All items
A28: Base Period: | B28: 1982-84=100
